 Dungeon Crawl Stone Soup version 0.17-a0-1651-gae1a69f (webtiles) character file.

96 abixa the Skirmisher (level 4, -7/44 HPs)
             Began as a Minotaur Hunter on Aug 14, 2015.
             Killed from afar by Ijyb (24 damage)
             ... with a wand of cold
             ... on level 3 of the Dungeon.
             The game lasted 00:08:11 (2660 turns).

abixa the Skirmisher (Minotaur Hunter)              Turns: 2660, Time: 00:08:11

Health: -7/44      AC:  7    Str: 17    XL:     4   Next: 41%
Magic:  3/3        EV: 10    Int:  8    God:
Gold:   195        SH:  0    Dex: 11    Spells: 0 memorised, 3 levels left

rFire  . . .     SeeInvis .     A - +2 short sword (venom)
rCold  . . .     Clarity  .     o - +0 scale mail
rNeg   . . .     SustAt   .     (no shield)
rPois  .         Gourm    .     (helmet restricted)
rElec  .         Spirit   .     (no cloak)
rCorr  .         Warding  .     (no gloves)
rMut   .         Stasis   .     y - +0 pair of boots
MR     .....                    (no amulet)
Stlth  ..........               (no ring)
                                (no ring)

@: not resistant to hostile enchantments, extremely unstealthy
A: retaliatory headbutt, horns 2
a: no special abilities


You were on level 3 of the Dungeon.
You were not hungry.

You visited 1 branch of the dungeon, and saw 3 of its levels.

You collected 195 gold pieces.

Inventory:

Hand weapons
 a - a +1 hand crossbow
 m - a +0 hunting sling
 q - a +0 blowgun
 A - a +2 short sword of venom (weapon)
Missiles
 b - 20 bolts
 f - 107 stones (quivered)
 g - 15 arrows
 p - 15 poisoned needles
 z - 5 curare-tipped needles
Armour
 d - a +0 leather armour
 o - a +0 scale mail (worn)
 t - a +0 chain mail
 y - a +0 pair of boots (worn)
 B - a +0 leather armour of cold resistance
Jewellery
 c - a +6 ring of strength {unknown}
Scrolls
 i - 6 scrolls of remove curse {unknown}
 n - 4 scrolls of identify {unknown}
 s - 2 scrolls of teleportation {unknown}
 u - a scroll of enchant weapon {unknown}
 C - a scroll of immolation {unknown}
Potions
 h - a potion of haste {unknown}
 k - 3 potions of curing {unknown}
 r - a potion of poison {unknown}
 v - a potion of cancellation {unknown}
 w - a potion of might {unknown}
Comestibles
 e - 3 bread rations
 j - 2 chunks of flesh
 l - a meat ration
 x - a beef jerky


   Skills:
 + Level 5.7 Fighting
 - Level 4.3 Crossbows
 - Level 2.1 Dodging
 - Level 0.7 Stealth


You had 3 spell levels left.
You didn't know any spells.

Dungeon Overview and Level Annotations

Branches:
Dungeon (3/15)

Altars:
Ru
Sif Muna

Annotations:
D:3 Ijyb


Innate Abilities, Weirdness & Mutations

You reflexively headbutt those who attack you in melee.
You have a pair of horns on your head.


Message History

Ijyb shouts!
The orc shouts!
Ijyb zaps a wand.
The bolt of cold hits the orc.
The orc dies!
The bolt of cold hits you!
It is a wand of cold.
Found a short sword.
There is an open door here.
You close the door.
Ijyb opens the door.
Ijyb zaps a wand.
The bolt of cold hits you!
There is an open door here.
You are too injured to fight recklessly!
You are too injured to fight recklessly!
You hit Ijyb.
Ijyb is poisoned.
Ijyb is lightly wounded.
Ijyb zaps a wand.
The bolt of cold hits you!
Ouch! That really hurt!
You die...

#.# #.....# #............
#.# #.....# #............
#.# ##########
#............ #.#
#.......# #............
#.# #..!....#
#............ #####.#
##.......# #............
...##.#
.........####....[.......
##.#
......)g....##............
#.##.###...# #@#
#............ #.##..[....#
#.# #............
#.##.......# #.#
#............ #.# .......#
#.# ............ #.#
.......# #.# ...........
##'###......# #.#
.......... ..........#
#####.# ..........
..........# #.....#
..........
.......######.....#
..........


You could see Ijyb.

Vanquished Creatures
  A gnoll (D:1)
  An adder (D:2)
  An ooze (D:3)
  A worm (D:2)
  2 giant geckos (D:1)
  4 orcs (D:3)
  5 giant cockroaches
  5 goblins
  9 hobgoblins
  2 jackals (D:1)
  14 kobolds
  10 bats
  A giant newt (D:1)
  4 rats
  A bush (D:2)
61 creatures vanquished.

Vanquished Creatures (others)
  An orc (D:3)
1 creature vanquished.

Grand Total: 62 creatures vanquished

Notes
Turn   | Place    | Note
--------------------------------------------------------------
     0 | D:1      | abixa the Minotaur Hunter began the quest for the Orb.
     0 | D:1      | Reached XP level 1. HP: 18/18 MP: 0/0
   210 | D:1      | Reached XP level 2. HP: 10/27 MP: 1/1
   597 | D:1      | Reached XP level 3. HP: 28/33 MP: 2/2
  1189 | D:2      | Found a deep blue altar of Sif Muna.
  1246 | D:2      | Found a sacrificial altar of Ru.
  1329 | D:2      | Reached skill level 5 in Fighting
  1654 | D:2      | Reached XP level 4. HP: 42/42 MP: 3/3
  2152 | D:3      | HP: 2/42 [poisoned by a kobold]
  2654 | D:3      | Noticed Ijyb
  2660 | D:3      | Killed from afar by Ijyb

Vault maps used:
D:1:      sevenhm_arrival_forest_fort_large_2, minmay_misc_feat_plants
D:2:      lemuel_crystal_altar, serial_forest, infiniplex_forest_lined_4_way,
          infiniplex_forest_clump_small, infiniplex_forest_side_room,
          infiniplex_forest_lined_2, infiniplex_forest_end_3,
          nicolae_ru_awakened_eye
D:3:      grunt_temple_overflow_open, uniq_jessica, uniq_iyjb, uniq_grinder

Action                   |  1- 3 |  4- 6 || total
-------------------------+-------+-------++-------
Melee: Short sword       |    20 |    27 ||    47
       Spear             |    94 |   127 ||   221
Throw: Stone             |     1 |       ||     1
  Eat: Chunk             |     2 |     4 ||     6
